 Dungeon Crawl Stone Soup version 0.23.2-33-g5129a83184 (webtiles) character file.

Game seed: 5667145916676819568

85 H0rd4k the Magician (level 4, -1/24 HPs)
             Began as a Deep Elf Wizard on July 8, 2019.
             Slain by a worker ant (7 damage)
             ... on level 2 of the Dungeon.
             The game lasted 00:05:25 (2231 turns).

H0rd4k the Magician (Deep Elf Wizard)               Turns: 2231, Time: 00:05:26

Health: -1/24      AC:  2    Str:  4    XL:     4   Next: 25%
Magic:  8/14       EV: 13    Int: 24    God:
Gold:   83         SH:  0    Dex: 13    Spells: 14/15 levels left

rFire    . . .     SeeInvis .   (no weapon)
rCold    . . .     Gourm    .   (no shield)
rNeg     . . .     Faith    .   a - +0 robe
rPois    .         Spirit   .   b - +0 hat
rElec    .         Reflect  .   (no cloak)
rCorr    .         Harm     .   (no gloves)
MR       .....                  (no boots)
Stlth    ++........             (no amulet)
HPRegen  0.08/turn              (no ring)
MPRegen  0.14/turn              (no ring)

@: lethally poisoned (-1 -> -11), very slightly contaminated
A: no striking features
a: no special abilities


You were on level 2 of the Dungeon.
You were hungry.

You visited 1 branch of the dungeon, and saw 3 of its levels.

You collected 83 gold pieces.

Inventory:

Armour
 a - a +0 robe (worn)
 b - a +0 hat (worn)
Wands
 l - a wand of digging (5)
Scrolls
 c - 2 scrolls of remove curse {unknown}
 f - 2 scrolls of blinking {unknown}
 h - 2 scrolls of teleportation {unknown}
 i - a scroll of random uselessness {unknown}
 n - a scroll of identify {unknown}
 p - 2 scrolls of fear {unknown}
Potions
 e - a potion of curing {unknown}
 g - a potion of haste {unknown}
 j - a potion of heal wounds {unknown}
 k - a potion of cancellation {unknown}
 m - a potion of agility {unknown}
Comestibles
 d - 6 rations


   Skills:
 + Level 2.7 Dodging
 + Level 2.8 Stealth
 + Level 6.4 Spellcasting
 + Level 1.9 Conjurations
   Level 1.1 Summonings
   Level 1.1 Translocations


You had 14 spell levels left.
You knew the following spells:

 Your Spells              Type           Power        Failure   Level  Hunger
a - Magic Dart            Conj           ###.         3%          1    None

Your spell library contained the following spells:

 Spells                   Type           Power        Failure   Level  Hunger
 Blink                    Tloc           N/A          8%          2    None
 Call Imp                 Summ           ##......     8%          2    None
 Slow                     Hex            #.......     12%         2    None
 Conjure Flame            Conj/Fire      ##......     16%         3    None
 Mephitic Cloud           Conj/Pois/Air  ##......     19%         3    None


Dungeon Overview and Level Annotations

Branches:
Dungeon (3/15)

Altars:
Zin

Annotations:
D:2 exclusions: downstairs and worker ant


Message History

Press: ? - help, Shift-Dir - straight line, f/p - worker ant
Aim: a worker ant (lightly wounded)
The magic dart hits the worker ant.
The worker ant is lightly wounded.
You feel sick. The worker ant bites you.
Casting: Magic Dart (safe; 3% risk of failure)
Confirm with . or Enter, or press ? or * to list all spells.
You don't know that spell.
Unknown command.
Unknown command.
Casting: Magic Dart (safe; 3% risk of failure)
Confirm with . or Enter, or press ? or * to list all spells.
You don't know that spell.
* * * LOW HITPOINT WARNING * * *
You feel sick.
Memorise Blink, consuming 2 spell levels and leaving 12?
Your memorisation is interrupted.
* * * LOW HITPOINT WARNING * * *
You feel sick. The worker ant bites you!
You die...

#....#.# #....#...# ###...##
####.#.###....#...# ##.....#
###..#..##(.......###......#
#...##..#######....##..###.#
#####..###...### #....#...###.#
........##.....####....#...##..#
#.##.....#.........รท.........)^#
#.##..##.#######################
#.##..##.##....a@...#
#.##[.......#######.#
#.##.###.#### ####.####
.....#>....# #..[....#
#.####...[.# #.##.##.# #.#
#.....# #....##.# #.# #.....#
#.(#.##.# #.# #.....# #....##.#
..# ####### #.#.###.#


You could see a worker ant.

Vanquished Creatures
  3 adders (D:2)
  An ooze (D:2)
  3 worms
  A leopard gecko (D:1)
  4 orcs (D:3)
  3 giant cockroaches
  4 goblins
  A hobgoblin (D:3)
  7 kobolds
  A quokka (D:2)
  3 bats
  6 frilled lizards
  9 rats
46 creatures vanquished.

Notes
Turn   | Place    | Note
-------+----------+-------------------------------------------
     0 | D:1      | H0rd4k the Deep Elf Wizard began the quest for the Orb.
     0 | D:1      | Reached XP level 1. HP: 10/10 MP: 7/7
   296 | D:1      | Reached skill level 5 in Spellcasting
   318 | D:1      | Reached XP level 2. HP: 15/15 MP: 7/10
   756 | D:2      | Reached XP level 3. HP: 11/19 MP: 2/12
  1127 | D:2      | Reached skill level 6 in Spellcasting
  1475 | D:2      | Found a glowing silver altar of Zin.
  1813 | D:3      | Reached XP level 4. HP: 24/24 MP: 4/14
  2231 | D:2      | Slain by a worker ant

Skill      XL: |  1  2  3 |
---------------+----------+-----
Spellcasting   | 5 6 |  6.4
Dodging        | |  2.7
Stealth        | |  2.8
Conjurations   | |  1.9
Summonings     | |  1.1
Translocations | |  1.1

Action                   |  1- 3 |  4- 6 || total
-------------------------+-------+-------++-------
 Cast: Magic Dart        |    87 |    48 ||   135
  Eat: Chunk             |     2 |     1 ||     3
Armor: Robe              |     2 |     1 ||     3
Dodge: Dodged            |    14 |     6 ||    20
